 Dungeon Crawl Stone Soup version 0.22-a0-430-g6609fc6 (webtiles) character file.

8911 Megalobster the Nimble (level 11, -2/55 (56) HPs)
             Began as a Spriggan Berserker on May 26, 2018.
             Was an Elder of Trog.
             Slain by a troll (8 damage)
             ... on level 10 of the Dungeon.
             The game lasted 00:44:38 (11118 turns).

Megalobster the Nimble (Spriggan Berserker)        Turns: 11118, Time: 00:44:38

HP:   -2/55 (56)    AC:  7    Str: 16    XL:     11   Next: 16%
MP:   16/16         EV: 27    Int: 10    God:    Trog [****..]
Gold: 664           SH:  0    Dex: 15    Spells: 10/10 levels left

rFire    . . .     SeeInvis +   a - +2 dagger (elec)
rCold    + . .     Gourm    .   (shield restricted)
rNeg     . . .     Faith    +   e - +2 robe {rC+}
rPois    +         Spirit   .   (helmet restricted)
rElec    .         Reflect  .   I - +2 cloak {rPois}
rCorr    .         Harm     .   (gloves unavailable)
MR       +++..                  (boots unavailable)
Stlth    +.........             K - amulet of faith
HPRegen  1.18/turn              (no ring)
MPRegen  0.15/turn              (no ring)

@: regenerating, drained, very quick
A: very small, unfitting armour, see invisible, herbivore, speed 3, slow
metabolism 2
a: Berserk, Trog's Hand, Brothers in Arms, Renounce Religion


You were on level 10 of the Dungeon.
You worshipped Trog.
Trog was greatly pleased with you.
You were not hungry.

You visited 1 branch of the dungeon, and saw 10 of its levels.

You collected 664 gold pieces.

Inventory:

Hand Weapons
 a - a +2 dagger of electrocution (weapon)
 b - a +0 hunting sling of freezing
 h - a +0 blowgun
 q - a +0 dagger of venom
 y - a +0 rapier
 C - a +1 dagger of protection
 S - a +1 falchion of flaming
Missiles
 i - a throwing net {!f}
 l - 19 sling bullets
 o - 4 silver tomahawks
 s - 44 poisoned needles
 H - 4 curare-tipped needles {!f}
 R - 3 tomahawks (quivered)
Armour
 e - a +2 robe of cold resistance (worn)
 m - a +1 animal skin
 I - a +2 cloak of poison resistance (worn)
Magical Staves
 j - an uncursed staff of cold
Jewellery
 K - an amulet of faith (around neck)
Wands
 x - a wand of flame (52)
Scrolls
 g - 3 scrolls of remove curse {@r2}
 k - 2 scrolls of fog
 p - 2 scrolls of enchant armour
 u - a scroll of magic mapping {unknown}
 v - 2 scrolls of blinking
 A - 3 scrolls of teleportation
 B - a scroll of fear {unknown}
 E - a scroll of vulnerability {unknown}
 M - a scroll of noise {unknown}
Potions
 d - 5 potions of curing {@q1}
 f - a potion of haste
 n - a potion of lignification {unknown}
 r - 4 potions of flight
 w - a potion of mutation {unknown}
 z - 2 potions of might
 F - a potion of heal wounds {unknown}
 J - a potion of ambrosia {unknown}
 Q - 2 potions of brilliance {unknown}
Comestibles
 c - 13 rations


   Skills:
 * Level 6.2(6.1) Fighting
 - Level 10.7(10.6) Short Blades
 + Level 8.3(9.3) Slings
 - Level 5.5(7.1) Throwing
 - Level 1.1(1.0) Armour
 + Level 11.7 Dodging
 * Level 6.3 Evocations


You had 10 spell levels left.
You didn't know any spells.
Your spell library was empty.

Dungeon Overview and Level Annotations

Branches:
Dungeon (10/15)            Temple (0/1) D:4            Lair (0/6) D:9
    Orc (0/2) D:10

Altars:
Gozag
Hepliaklqana
Makhleb
Ru
Trog
Vehumet
Wu Jian
Xom
Yredelemnul
The Shining One

Shops:
D:6 [   D:8 (

Annotations:
D:4 Tribosh's ghost, novice GrFi


Innate Abilities, Weirdness & Mutations

You are very small and have problems with some larger weapons.
You are too small for most types of armour.
You have supernaturally acute eyesight. (SInv)
You are a herbivore.
You cover ground extremely quickly.
You need to consume almost no food.


Message History

You hit the troll. Lightning courses through the troll!
The troll is almost dead.
Unknown command.
You barely miss the troll.
The troll is almost dead.
The troll bites you!
* * * LOW HITPOINT WARNING * * *
The troll barely misses you. The troll claws you.
* * * LOW HITPOINT WARNING * * *
You take 11 damage, and have 4/55 hp.
You hit the troll but do no damage.
The troll is almost dead.
Your skin crawls.
You feel resistant to hostile enchantments.
You feel somewhat more hungry. The troll completely misses you.
The troll misses you. x2
You barely miss the troll.
The troll is almost dead.
The troll completely misses you. The troll claws you!
You die...

##.....##.##.#.#
##.............#
##.....#####.###
.....### #.# ###### #.#
†....# #.####### ####.#
#.......###..
####.#######.###.......#
.............# #@#.###.#
####.#######.##..T......
#†# #.##..#.###.# #†#
#.##...... #.# #......
### ##.## ###.#.## #...#
#.... #...# ##.#. #...#


You could see a troll.

Vanquished Creatures
  Fannar (D:10)
  A hydra (D:9)
  A two-headed ogre (D:10)
  Nergalle (D:10)
  A deep elf mage (D:8)
  Joseph (D:7)
  A troll (D:10)
  2 hippogriffs (D:9)
  2 dream sheep (D:9)
  3 yaks (D:9)
  A basilisk (D:9)
  Eustachio (D:4)
  Menkaure (D:7)
  A water moccasin (D:9)
  Duvessa (D:6)
  2 orc warriors
  3 sky beasts
  3 ogres
  A black bear (D:10)
  An ice beast (D:9)
  A phantom (D:5)
  A necrophage (D:5)
  The ghost of KristoblXynda the Slasher, an amateur DrGl (D:3)
  4 centaurs
  4 big kobolds
  5 bullfrogs
  Dowan (D:6)
  A scorpion (D:6)
  5 killer bees (D:10)
  5 howler monkeys
  3 jellies
  A quasit (D:7)
  4 hounds
  4 orc priests
  Crazy Yiuf (D:7)
  6 orc wizards
  2 centaur skeletons
  An iron imp (D:5)
  2 iguanas
  4 worker ants
  A worker ant zombie (D:10)
  7 adders
  4 gnolls
  A shadow imp (D:5)
  2 oozes
  An adder zombie (D:6)
  4 adder skeletons
  2 worms (D:2)
  3 leopard geckos
  25 orcs
  A ball python (D:1)
  7 giant cockroaches
  14 goblins
  14 hobgoblins
  17 kobolds
  9 quokkas
  11 bats
  4 frilled lizards
  2 goblin zombies (D:5)
  2 hobgoblin zombies (D:5)
  A kobold skeleton (D:5)
  A kobold zombie (D:5)
  2 orc skeletons (D:5)
  An orc zombie (D:5)
  5 rats
  4 plants (D:9)
230 creatures vanquished.

Vanquished Creatures (collateral kills)
  A basilisk (D:9)
1 creature vanquished.

Vanquished Creatures (others)
  Terence (D:3)
1 creature vanquished.

Grand Total: 232 creatures vanquished

Notes
Turn   | Place    | Note
-------+----------+-------------------------------------------
     0 | D:1      | Megalobster the Spriggan Berserker began the quest for the Orb.
     0 | D:1      | Reached XP level 1. HP: 11/11 MP: 2/2
   122 | D:1      | Reached XP level 2. HP: 14/16 MP: 3/3
   498 | D:1      | Reached skill level 5 in Dodging
   860 | D:1      | Reached XP level 3. HP: 14/19 MP: 4/4
  1221 | D:2      | Reached ** piety under Trog
  1485 | D:2      | Reached XP level 4. HP: 23/23 MP: 5/5
  1603 | D:2      | Found an opulent altar of Gozag.
  2233 | D:3      | Noticed KristoblXynda's ghost (amateur DrGl)
  2282 | D:3      | Killed Terence
  2418 | D:3      | Reached skill level 6 in Dodging
  2428 | D:3      | Reached XP level 5. HP: 18/28 MP: 6/6
  2604 | D:3      | Killed KristoblXynda's ghost
  2604 | D:3      | Reached skill level 5 in Short Blades
  2615 | D:3      | Found a bloodstained altar of Trog.
  2973 | D:3      | Found a sacrificial altar of Ru.
  3216 | D:3      | Reached *** piety under Trog
  3219 | D:3      | Found a radiant altar of Vehumet.
  3389 | D:4      | Reached XP level 6. HP: 32/32 MP: 7/7
  3457 | D:4      | Reached skill level 1 in Throwing
  3457 | D:4      | Reached skill level 7 in Dodging
  3878 | D:4      | Reached XP level 7. HP: 36/36 MP: 8/8
  3937 | D:4      | Noticed Eustachio
  3960 | D:4      | Killed Eustachio
  4088 | D:4      | Found a staircase to the Ecumenical Temple.
  4128 | D:4      | Noticed Tribosh's ghost (novice GrFi)
  4437 | D:5      | Entered Level 5 of the Dungeon
  4586 | D:5      | Reached skill level 8 in Dodging
  4636 | D:5      | Reached XP level 8. HP: 41/41 MP: 9/9
  5241 | D:5      | Found a glowing golden altar of the Shining One.
  5487 | D:5      | Found an ornate altar of the Wu Jian Council.
  5488 | D:5      | Found a basalt altar of Yredelemnul.
  5501 | D:5      | Reached **** piety under Trog
  6038 | D:6      | Noticed Duvessa
  6070 | D:6      | Killed Duvessa
  6177 | D:6      | Noticed Dowan
  6193 | D:6      | Killed Dowan
  6254 | D:6      | Reached skill level 5 in Throwing
  6502 | D:6      | Found a burning altar of Makhleb.
  6596 | D:6      | Reached skill level 1 in Armour
  6889 | D:6      | Found Sowe Lin's Antique Armour Emporium.
  7128 | D:7      | Reached skill level 1 in Slings
  7174 | D:7      | Found Ufill's Food Shop.
  7190 | D:7      | Noticed Menkaure
  7196 | D:7      | Killed Menkaure
  7196 | D:7      | Reached skill level 9 in Dodging
  7196 | D:7      | Reached XP level 9. HP: 38/45 MP: 10/10
  7196 | D:7      | Noticed Joseph
  7209 | D:7      | Killed Joseph
  7829 | D:7      | Found a runed door.
  7888 | D:7      | Noticed Crazy Yiuf
  7893 | D:7      | Killed Crazy Yiuf
  8266 | D:8      | Found Xinysk Kydai's Weapon Emporium.
  8304 | D:8      | Got a bloodstained long sword
  8320 | D:8      | Identified the +8 long sword "Rel Neer" {slice, *Corrode rF- Str+8 Dex+2} (You found it on level 8 of the Dungeon)
  8677 | D:8      | Noticed a deep elf mage
  8691 | D:8      | Killed a deep elf mage
  8691 | D:8      | Reached skill level 10 in Dodging
  8948 | D:9      | Reached skill level 5 in Slings
  9060 | D:9      | Found a hazy altar of Hepliaklqana.
  9062 | D:9      | Found a shimmering altar of Xom.
  9062 | D:9      | Noticed an unseen horror
  9063 | D:9      | Noticed a spectral ugly thing
  9063 | D:9      | Noticed an unseen horror
  9154 | D:9      | Reached skill level 10 in Short Blades
  9169 | D:9      | Reached XP level 10. HP: 50/50 MP: 11/11
  9352 | D:9      | Noticed a two-headed hydra
  9366 | D:9      | Killed a two-headed hydra
  9707 | D:9      | Reached skill level 1 in Evocations
  9797 | D:9      | Found a staircase to the Lair.
  9816 | D:9      | Reached skill level 11 in Dodging
 10064 | D:9      | Reached skill level 5 in Fighting
 10389 | D:10     | Entered Level 10 of the Dungeon
 10395 | D:10     | Noticed a two-headed ogre
 10406 | D:10     | Killed a two-headed ogre
 10430 | D:10     | Noticed Fannar
 10482 | D:10     | Killed Fannar
 10482 | D:10     | Reached skill level 5 in Evocations
 10537 | D:10     | Found a staircase to the Orcish Mines.
 10788 | D:10     | Reached XP level 11. HP: 55/55 MP: 16/16
 10934 | D:10     | Noticed Nergalle
 10943 | D:10     | Noticed a spectral orc warlord
 10958 | D:10     | Killed Nergalle
 11118 | D:10     | Slain by a troll

Vault maps used:
D:1:      minmay_arrival_widening_spiral_narrow
D:2:      lemuel_round_altar
D:3:      overflow_temple_1_default, fiery_altar_vehumet,
          nicolae_overflow_crystal_walls, uniq_terence
D:4:      minmay_temple_entry_purple_smoke, first_ration, uniq_eustachio
D:5:      nicolae_overflow_hidden_temple, nicolae_tso_besieged_by_evil
D:6:      overflow_temple_1_default, serial_shops, nicolae_shop_crystal,
          hangedman_decor_riveting, kennysheep_generic_room_13, uniq_duvessa
D:7:      serial_shops, nicolae_shop_crystal, uniq_menkaure,
          uniq_crazy_yiuf_cottage, uniq_joseph
D:8:      serial_shops, shop
D:9:      regret_index_temple_of_mockery, david_lair_generic, hangedman_ranch
D:10:     orc_0_dummy, special_room, uniq_fannar, uniq_nergalle

Skill      XL: |  1  2  3  4  5  6  7  8  9 10 11 |
---------------+----------------------------------+-----
Dodging        | 5 6 7 8 9 10 11 | 11.7
Short Blades   | 4 5 6 7 8 10 | 10.7
Fighting       | 3 4 5 6 |  6.2
Throwing       | 2 3 5 |  5.5
Armour         | 1 |  1.1
Slings         | 2 6 8 |  8.3
Evocations     | 5 6 |  6.3

Action                   |  1- 3 |  4- 6 |  7- 9 | 10-12 || total
-------------------------+-------+-------+-------+-------++-------
Melee: Short sword       |   113 |   117 |       |       ||   230
       Dagger            |       |    72 |   354 |   317 ||   743
 Fire: Hunting sling     |       |    21 |   172 |    33 ||   226
Throw: Stone             |    53 |    42 |    48 |     6 ||   149
       Tomahawk          |       |       |       |    16 ||    16
Invok: Berserk           |     3 |     5 |     7 |     4 ||    19
       Trog's Hand       |       |     4 |     7 |     6 ||    17
       Brothers in Arms  |       |       |       |     1 ||     1
  Use: Scroll            |       |     4 |     4 |     3 ||    11
       Potion            |       |       |     1 |       ||     1
 Stab: Sleeping          |       |     2 |       |       ||     2
       Distracted        |       |     1 |       |       ||     1
  Eat: Ration            |       |     5 |     7 |     4 ||    16
Armor: Animal skin       |     9 |    11 |    16 |    11 ||    47
       Robe              |       |       |       |     5 ||     5
Dodge: Dodged            |   101 |   148 |   189 |   172 ||   610

Table legend:
 A = Spawn XP
 B = Non-spawn XP
 C = Spawn XP percentage of total XP
 D = Spawn monster count
 E = Non-spawn monster count
 F = Spawn count percentage of total count
 G = Total turns spent on level
                    A         B        C        D         E        F      G
               +---------+---------+-------+---------+---------+-------+---------
         Total |       0 |   12730 |   0.0 |       0 |     227 |   0.0 | 11118
               +---------+---------+-------+---------+---------+-------+---------
           D:1 |       0 |      57 |   0.0 |       0 |      30 |   0.0 |  1060
           D:2 |       0 |      84 |   0.0 |       0 |      26 |   0.0 |  1357
           D:3 |       0 |     220 |   0.0 |       0 |      27 |   0.0 |   921
           D:4 |       0 |     749 |   0.0 |       0 |      23 |   0.0 |  1099
           D:5 |       0 |     894 |   0.0 |       0 |      28 |   0.0 |  1628
           D:6 |       0 |     466 |   0.0 |       0 |       9 |   0.0 |  1033
           D:7 |       0 |    1147 |   0.0 |       0 |      15 |   0.0 |   996
           D:8 |       0 |     975 |   0.0 |       0 |      19 |   0.0 |   844
           D:9 |       0 |    4029 |   0.0 |       0 |      27 |   0.0 |  1451
          D:10 |       0 |    4109 |   0.0 |       0 |      23 |   0.0 |   729
               +---------+---------+-------+---------+---------+-------+---------
